[Event "German Bundesliga 2023-24"]
[Site "Germany"]
[Date "2024.03.16"]
[Round "12"]
[White "Cheng, Bobby"]
[Black "Kasimdzhanov, Rustam"]
[Result "1/2-1/2"]
[ECO "D34"]
[WhiteElo "2572"]
[BlackElo "2679"]
[Annotator "TA"]
[PlyCount "66"]
[EventDate "2023.10.20"]
[EventType "team-tourn"]
[EventCountry "GER"]
[SourceTitle "playchess.com"]
[Source "ChessBase"]
[SourceQuality "1"]
[TimeControl "40/6000+30:3000+30"]

1. d4 d5 2. c4 e6 3. Nf3 c5 4. cxd5 exd5 5. g3 Nf6 6. Bg2 Be7 7. O-O O-O 8. dxc5 Bxc5 9. Nc3 Nc6 10. Bg5 d4 11. Ne4 Be7 12. Bxf6 Bxf6 {[%emt 0:00:30] [#]} 13. b4 $1 a6 14. a4 d3 (14... Nxb4 {simplifies} 15. Nxf6+ Qxf6 16. Qxd4 Qxd4 17. Nxd4 a5) 15. Nxf6+ {[%emt 0:00:30] White is slightly better.} Qxf6 16. Qxd3 Nxb4 17. Qd4 Qe7 (17... Qxd4 {simplifies} 18. Nxd4 a5 19. Rfd1 Rb8) 18. Qb6 a5 19. Nd4 (19. Qb5 $14 {is more appropriate.}) 19... Ra6 $11 {[%emt 0:13:30] The position is equal.} 20. Qb5 Rd6 21. Nf5 Bxf5 22. Qxf5 b6 23. Rad1 g6 24. Qb5 Rc8 {[%emt 0:04:30] [#] Threatens to win with ...Rc5.} 25. Rxd6 Qxd6 26. Bf3 Kg7 27. h4 h5 28. Kg2 Qd4 (28... Rc5 $5 29. Qe8 $8 Nd5 $11) 29. e3 Qf6 30. Rd1 Rc5 31. Qe8 {[%emt 0:02:39] Rd8 is the strong threat.} Re5 32. Qd7 Nc2 33. Qd2 Rc5 {[%emt 0:00:59] Weighted Error Value: White=0.04 (flawless) /Black=0.03 (flawless) .  Mistake:       	White=1     	---        OK:         	White=13    	Black=9      Best:        	---       	Black=2} 1/2-1/2

[Event "German Bundesliga 2023-24"]
[Site "Germany"]
[Date "2024.03.16"]
[Round "12"]
[White "Stevic, Hrvoje"]
[Black "Laurent-Paoli, Pierre"]
[Result "0-1"]
[ECO "B12"]
[WhiteElo "2549"]
[BlackElo "2540"]
[Annotator "TA"]
[PlyCount "70"]
[EventDate "2023.10.20"]
[EventType "team-tourn"]
[EventCountry "GER"]
[SourceTitle "playchess.com"]
[Source "ChessBase"]
[SourceQuality "1"]
[TimeControl "40/6000+30:3000+30"]

1. e4 c6 2. d4 d5 3. e5 Bf5 4. Nf3 e6 5. Be2 c5 6. c3 Nc6 7. O-O Bg4 8. Nbd2 cxd4 9. cxd4 Bh5 10. h3 a5 11. Nb1 Nge7 {[%emt 0:11:30] The position is equal.} 12. g4 Bg6 13. Nc3 h5 14. Bg5 hxg4 15. hxg4 Qb6 16. Na4 (16. Be3 $1 $14) 16... Qc7 $1 $11 17. Rc1 Be4 {[%emt 0:04:30][%cal Of7f6] aiming for ...f6!} 18. Nh2 {[%emt 0:07:30] [#]} (18. Nc3 $11 {feels stronger.} Qb6 19. Be3 Bxf3 20. Bxf3) 18... f6 $1 $15 19. Bf4 (19. exf6 $2 Qxh2#) (19. f3 Bh7) 19... Ng6 (19... fxe5 $6 20. Bxe5 Qd8 21. Bb5 $14) (19... g5 $1 $15 20. Bg3 f5) 20. Bg3 $11 fxe5 $40 {[%emt 0:00:30][%mdl 128] White needs to defend precisely.} 21. Nc3 Nf4 (21... Nxd4 $2 22. Nxe4 Qf7 (22... Qxc1 $2 23. Bb5+ Nxb5 24. Qxc1 $18) 23. Ng5 $18) 22. Nxe4 dxe4 23. Bb5 {[%emt 0:13:30] [#]} (23. Qc2 $11) 23... exd4 (23... O-O-O $1 $17 24. Bxc6 bxc6) 24. Qe1 $2 {[%emt 0:00:30][%mdl 8192] Loses the game.} (24. Qxd4 $2 Ne2+ 25. Bxe2 Qxg3+ (25... Nxd4 26. Rxc7 Nxe2+ 27. Kg2 $15) 26. fxg3 Nxd4 $17) ({White should try} 24. Re1 $15 Bd6 (24... Qe5 25. Qa4 $16) 25. Rxe4) 24... Qe5 $19 {[%emt 0:03:30] And now ...Nh3+ would win.} 25. Bxc6+ bxc6 26. Rxc6 Qd5 {[%emt 0:03:00] Strongly threatening ...Nh3+.} (26... Bd6 $2 27. Rxd6 Qxd6 28. Qxe4 $19) 27. Rb6 g5 28. Qd1 Bc5 (28... Qxa2 $2 29. Bxf4 d3 30. Be5 $18 (30. Bxg5 Bc5 $16)) 29. Rb5 Qc4 30. Rb7 (30. Qb3 $142 Qxb3 31. axb3) 30... Bd6 (30... Qxa2 31. Bxf4 gxf4 32. Qe2 $11) 31. Re1 d3 {[%emt 0:00:30] Threatens to win with ...Ne2+.} (31... Qxa2 $2 {perishes.} 32. Qxd4 (32. Rxe4 Qc4 $11) 32... e5 33. Qxd6 $18) 32. Re3 Ne2+ ({Worse is} 32... Qxa2 33. Rxe4 O-O-O 34. Rb3 $15) 33. Rxe2 dxe2 {[%emt 0:00:04] Black mates.} 34. Qxd6 e1=Q+ 35. Kg2 {[%emt 0:00:00] [#]} Qh1+ $3 {[%emt 0:00:12][%mdl 512] Weighted Error Value: White=0.91/Black=0.81.  Loses game:     	White=1     	---        Mistake:       	White=3     	Black=2      Inaccurate:     	White=3     	Black=3      OK:         	White=7     	Black=5      Best:        	White=2     	Black=3      Strong:       	---       	Black=1      Brilliant:      	---       	Black=1} 0-1

[Event "German Bundesliga 2023-24"]
[Site "Germany"]
[Date "2024.03.16"]
[Round "12"]
[White "Van den Doel, Erik"]
[Black "Markus, Robert"]
[Result "1-0"]
[ECO "B07"]
[WhiteElo "2547"]
[BlackElo "2582"]
[Annotator "TA"]
[PlyCount "152"]
[EventDate "2023.10.20"]
[EventType "team-tourn"]
[EventCountry "GER"]
[SourceTitle "playchess.com"]
[Source "ChessBase"]
[SourceQuality "1"]
[TimeControl "40/6000+30:3000+30"]

1. d4 Nf6 2. Nf3 d6 3. Nbd2 Nbd7 4. e4 e5 5. c3 g6 6. Bd3 Bg7 7. O-O O-O 8. Re1 Re8 9. a4 a5 10. h3 h6 11. Nf1 Nf8 12. Ng3 N6h7 13. Be3 Ne6 14. dxe5 dxe5 15. Bb5 Rf8 16. Qxd8 Rxd8 17. Red1 Nhf8 18. Nf1 f6 19. Bc4 Rxd1 20. Rxd1 Kf7 21. Nh4 Ke8 22. Nd2 Bd7 23. Ra1 Kd8 24. Kf1 Ng5 25. Ke2 Be6 26. Bxe6 Ngxe6 27. g3 Ke8 28. Rf1 Kf7 29. Rd1 b6 30. Nc4 Ng5 31. Bxg5 hxg5 32. Ng2 Ne6 33. h4 gxh4 34. Nxh4 Rd8 35. Rxd8 Nxd8 36. Kd3 Bf8 37. Nd2 Ne6 38. Nb3 $1 Bc5 39. Ke2 Bd6 40. Nf3 Ke7 41. Nfd2 Kd7 42. Nc4 Bf8 43. Ne3 Bh6 44. Nd5 f5 45. f3 fxe4 46. Nf6+ Kc6 47. Nxe4 Ng7 48. Kd3 Nf5 49. Na1 Bc1 50. b3 Nd6 51. Nc2 Kd5 52. Ne1 Bb2 53. Ng2 Bc1 54. Nh4 g5 $1 55. Ng2 Ke6 56. g4 Nf7 (56... c6 $11 {remains equal.}) 57. Ne3 $16 Kd7 58. Nd5 (58. b4 $16) 58... Ba3 (58... Nd6 $14) 59. Kc4 (59. b4 $18) 59... Kc6 (59... c6 $142 60. Ndf6+ (60. Nxb6+ Kc7 $11) 60... Kc7) 60. Ne3 Bc1 61. Kd3 Kd7 $1 62. Nc4 Kc6 (62... Nd8 $16 63. Nxe5+ Ke6) 63. Nf2 ({Better is} 63. Nf6 $18) 63... Kd5 $14 64. Ne4 (64. Kc2 $14 Bf4 65. Kd3) 64... Kc6 $1 $18 {[%emt 0:00:16] [#]} 65. Nf6 $1 Kc5 $2 (65... b5 {was necessary.}) 66. Ke4 $18 Kc6 (66... Bf4 $142 67. Kf5 Kc6) 67. Nxe5+ $18 Nxe5 68. Kxe5 b5 69. axb5+ Kxb5 70. Nd5 c6 71. Nc7+ Kb6 72. Ne6 Kb5 73. Kd4 Bd2 74. Kd3 Bc1 75. Nd4+ Kc5 76. b4+ Kd5 1-0

[Event "German Bundesliga 2023-24"]
[Site "Germany"]
[Date "2024.03.16"]
[Round "12"]
[White "Kovacevic, Aleksandar"]
[Black "Lai, Hing Ting"]
[Result "1-0"]
[ECO "B13"]
[WhiteElo "2445"]
[BlackElo "2464"]
[Annotator "TA"]
[PlyCount "65"]
[EventDate "2023.10.20"]
[EventType "team-tourn"]
[EventCountry "GER"]
[SourceTitle "playchess.com"]
[Source "ChessBase"]
[SourceQuality "1"]
[TimeControl "40/6000+30:3000+30"]

1. e4 c6 2. d4 d5 3. exd5 cxd5 4. Bd3 Nc6 5. c3 Qc7 6. h3 e6 7. Nf3 Bd6 8. O-O Nge7 {[%emt 0:01:30] White is slightly better.} 9. Re1 h6 10. Nbd2 O-O 11. Nf1 Bd7 12. Ne3 Rae8 13. Bd2 e5 14. dxe5 Nxe5 15. Nxe5 Bxe5 16. Ng4 (16. Bc2 $5) 16... Bf4 (16... Nc6 {simplifies} 17. Nxe5 Nxe5 18. Bf4 Nxd3 19. Bxc7 Rxe1+ 20. Qxe1 Nxe1 21. Rxe1 Be6) 17. Bxf4 Qxf4 18. Ne5 {[%emt 0:00:30] Dodges Nc6} Rd8 19. Bc2 Bc8 20. Re3 (20. Qf3 {simplifies} Qxf3 21. Nxf3 Nc6 22. Rad1) 20... Rd6 21. Qe2 {[%emt 0:03:30] [#] Nd3 would now be deadly.} Qf6 22. Re1 Re6 23. Qd3 g6 24. Qd4 b6 {[%emt 0:03:53] [#]} (24... a6 $142) 25. Qa4 $1 $16 {[%emt 0:01:29] White has more active pieces.} a5 26. Nd7 Bxd7 27. Qxd7 Kg7 (27... Rxe3 $16 {might work better.} 28. Rxe3 Nf5 29. Bxf5 Qxf5 30. Qxf5 gxf5) 28. R1e2 (28. Rxe6 $18 fxe6 29. Re2 (29. Qxe6 Qxf2+ 30. Kh2 Rf7 $14)) 28... Rxe3 29. Rxe3 Nf5 ({Black should play} 29... Nc8) 30. Bxf5 Rd8 31. Qc7 gxf5 32. Re7 d4 $2 (32... Rg8 $16 33. Rd7 Re8 34. Qg3+ (34. Rxd5 f4 $18) 34... Kh7 35. Rxd5 Re4) 33. Qxd8 {Weighted Error Value: White=0.08 (flawless) /Black=0.17 (very precise) .  Loses game:     	---       	Black=1      Mistake:       	White=1     	Black=3      Inaccurate:     	White=2     	Black=2      OK:         	White=15    	Black=5      Best:        	White=2     	Black=1} 1-0

[Event "German Bundesliga 2023-24"]
[Site "Germany"]
[Date "2024.03.16"]
[Round "12"]
[White "Wachinger, Nikolas"]
[Black "Bacrot, Etienne"]
[Result "0-1"]
[ECO "B47"]
[WhiteElo "2426"]
[BlackElo "2668"]
[Annotator "TA"]
[PlyCount "80"]
[EventDate "2023.10.20"]
[EventType "team-tourn"]
[EventCountry "GER"]
[SourceTitle "playchess.com"]
[Source "ChessBase"]
[SourceQuality "1"]
[TimeControl "40/6000+30:3000+30"]

1. e4 c5 2. Nf3 e6 3. d4 cxd4 4. Nxd4 Nc6 5. Nc3 Qc7 6. f4 a6 7. Nxc6 Qxc6 8. Bd3 b5 9. Qe2 Bb7 10. Bd2 Be7 11. a3 $1 Rc8 12. Rf1 Nf6 13. f5 (13. g4 $14) 13... e5 14. g4 {[%emt 0:13:30] g5 ist eine echte Drohung.} h6 15. O-O-O b4 16. axb4 Bxb4 17. h4 d6 18. Rfe1 Qb6 19. g5 Nd7 20. Bc4 hxg5 21. hxg5 Nc5 (21... Rh4 $14) 22. g6 (22. Qg4 $16) 22... f6 $1 $40 {[%emt 0:05:30][%mdl 128] Schwarz startet einen Angriff.} 23. Rh1 Rxh1 24. Rxh1 {[%emt 0:00:03] Zielt auf Rh8+ ab.} Bxc3 25. Bxc3 {[%emt 0:00:28] Und jetzt Rh8+ wäre schön.} Nxe4 26. Rh8+ Ke7 27. Rh7 d5 28. Rxg7+ Kd6 {[%emt 0:00:01] Tanz auf der Rasierklinge.} 29. Rxb7 Qxb7 $17 30. Bxa6 {[%emt 0:00:01] [#]} Ra8 $1 31. Qxe4 (31. Bxe5+ $2 fxe5 32. Qd3 Rxa6 $19 (32... Qxa6 $2 33. Qxa6+ Rxa6 34. Kb1 $19)) 31... Qxa6 {[%emt 0:00:22][%mdl 4096] Endspiel. KQR-KQB} 32. Bb4+ Kc6 33. Qe3 (33. Qd3 $1 $15 Qb6 34. c4 Qg1+ (34... Qxb4 35. Qxd5+ Kb6 36. Qxa8 $11) (34... Ra1+ 35. Kc2 $11) 35. Kc2 Qg2+ 36. Qd2 Qe4+ 37. Qd3 Qxc4+ 38. Qxc4+ dxc4 39. Kd2 (39. Be7 $2 Kd5 $19)) 33... Qc4 34. Be7 {[%emt 0:00:33][%cal Oe3c3] [#] Schwarz muss nun Qc3! beachten.} Ra1+ ({Besser ist} 34... d4 $1 $17 35. Qd3 Qd5) 35. Kd2 $11 {[%emt 0:00:01][%cal Ob2b3] b3! wäre nun fies.} Kd7 36. Bxf6 $2 (36. g7 $11 Qf1 (36... Kxe7 37. g8=Q $11) 37. Qe2 (37. g8=Q $2 Rd1+ 38. Kc3 Qc4#)) 36... Qb4+ $19 {[%emt 0:00:22] Schwarz steht klar auf Gewinn.} 37. Qc3 Qf4+ 38. Qe3 {[%emt 0:00:10] [#]} Rd1+ $3 39. Kxd1 Qxe3 40. g7 Qg1+ {[%emt 0:00:06] Gewichteter Fehlerwert: Weiß=0.41/Schwarz=0.09 (makellos) .  Verlustzug:     	Weiß=1     	---        Fehler:       	Weiß=4     	Schwarz=2     Ungenau:       	---       	Schwarz=1     OK:         	Weiß=12    	Schwarz=7     Bester:       	Weiß=4     	Schwarz=5     Stark:        	---       	Schwarz=2} 0-1

[Event "German Bundesliga 2023-24"]
[Site "Germany"]
[Date "2024.03.16"]
[Round "12"]
[White "Heinz, Timothee"]
[Black "Zelcic, Robert"]
[Result "1/2-1/2"]
[ECO "E04"]
[WhiteElo "2372"]
[BlackElo "2476"]
[Annotator "TA"]
[PlyCount "90"]
[EventDate "2023.10.20"]
[EventType "team-tourn"]
[EventCountry "GER"]
[SourceTitle "playchess.com"]
[Source "ChessBase"]
[SourceQuality "1"]
[TimeControl "40/6000+30:3000+30"]

1. d4 Nf6 2. Nf3 d5 3. c4 e6 4. g3 dxc4 5. Bg2 Bb4+ 6. Bd2 c5 7. Qc1 Bxd2+ 8. Nbxd2 cxd4 {[%emt 0:00:30] White is slightly better.} 9. Nxc4 Nc6 10. O-O O-O 11. Rd1 Qe7 12. Nxd4 Nxd4 13. Rxd4 e5 {[%emt 0:00:30] [#]} 14. Rd1 {[%emt 0:00:00] White is more active.} e4 15. Qf4 Be6 16. Qe5 (16. Nd6 $16) 16... Rfd8 17. Bh3 Re8 18. Bxe6 Qxe6 19. Qxe6 Rxe6 20. Rd4 g6 21. Rad1 Ra6 22. Rd6 Rxd6 23. Rxd6 $14 {[%emt 0:03:30][%mdl 4096] Endgame. KRN-KRN} (23. Nxd6 $14 Rd8 24. Rd2) 23... Kg7 24. Kf1 Rc8 25. b3 Rc7 26. Ke1 h5 27. f3 Rc5 28. Kd2 h4 29. Ke1 hxg3 {[%emt 0:10:28] The position is equal.} 30. hxg3 exf3 31. exf3 Rh5 32. Ne3 Ra5 33. a4 b5 34. axb5 Rxb5 35. Rd3 Nh7 36. Nd5 Ng5 37. Nf4 Ra5 38. Ke2 Ra2+ 39. Ke3 a5 40. Rc3 Ra3 41. Rd3 Ra1 42. Ke2 Rb1 43. Rc3 Nh7 44. Nd3 Nf6 45. Rc5 Rxb3 {[%emt 0:00:00] Weighted Error Value: White=0.10 (very precise) /Black=0.07 (flawless) .  Mistake:       	White=2     	---        Inaccurate:     	White=2     	Black=3      OK:         	White=14    	Black=13     Best:        	---       	Black=2} 1/2-1/2

[Event "German Bundesliga 2023-24"]
[Site "Germany"]
[Date "2024.03.16"]
[Round "12"]
[White "Riehle, Marco"]
[Black "Jovanovic, Zoran"]
[Result "0-1"]
[ECO "C41"]
[WhiteElo "2368"]
[BlackElo "2513"]
[Annotator "TA"]
[PlyCount "90"]
[EventDate "2023.10.20"]
[EventType "team-tourn"]
[EventCountry "GER"]
[SourceTitle "playchess.com"]
[Source "ChessBase"]
[SourceQuality "1"]
[TimeControl "40/6000+30:3000+30"]

1. e4 e5 2. Nf3 d6 3. d4 exd4 4. Nxd4 Nf6 5. Nc3 Be7 6. Bc4 O-O 7. O-O c6 8. a4 Re8 9. Re1 Bf8 10. h3 Nbd7 {[%emt 0:07:30] Die Stellung ist ausgeglichen.} 11. Bf4 a5 12. Qf3 (12. Ba2 $14) 12... Ne5 $11 13. Bxe5 dxe5 14. Nf5 Bxf5 15. Qxf5 Bc5 16. Rad1 Qe7 17. Rd3 g6 18. Qg5 Kg7 19. Rf3 (19. Nd1 $15) 19... Rad8 $17 20. Bd3 Bb4 21. Rb1 Nd7 22. Qe3 Bc5 (22... Nc5 $17 23. Na2 Nxa4) 23. Qe2 Nb6 24. Bc4 {[%emt 0:04:04] Schwarz bringt die Sache ungefährdet zu Ende.} (24. Ra1 $15) 24... Nxc4 $19 25. Qxc4 Rd2 26. Rd1 {[%emt 0:03:24] [#]} Red8 (26... Rxc2 27. Qb3 Rxc3 28. bxc3 $11 (28. Qxc3 Ra8 $14)) 27. Rxd2 Rxd2 28. Ne2 h5 29. g3 b6 30. Kf1 (30. h4 $17) 30... Qd7 31. g4 $2 (31. Kg2 {kämpft weiter.}) 31... hxg4 32. hxg4 Rd1+ 33. Kg2 Qxg4+ 34. Ng3 {[%emt 0:00:05] [#]} Rg1+ $3 35. Kxg1 Qxf3 {[%emt 0:00:03][%mdl 4096] Endspiel. KQB-KQN} 36. Nh1 Qg4+ 37. Kf1 Qh3+ 38. Kg1 Qf3 {[%emt 0:00:00] Verhindert Qe2} 39. b3 Kf6 40. Kh2 Kg5 41. Qd3 $2 (41. Kg1) 41... Qxd3 {[%emt 0:11:34] Schwarz steht klar auf Gewinn.} 42. cxd3 f5 43. Ng3 Bxf2 44. Nf1 fxe4 {[%emt 0:01:00] ( -> ...e3)} 45. Kg2 Bd4 {[%emt 0:00:00] Gewichteter Fehlerwert: Weiß=0.69/Schwarz=0.11 (sehr präzise) .  Fehler:       	Weiß=6     	Schwarz=1     Ungenau:       	---       	Schwarz=1     OK:         	Weiß=10    	Schwarz=15    Bester:       	Weiß=3     	Schwarz=4     Brilliant:      	---       	Schwarz=1} 0-1

[Event "German Bundesliga 2023-24"]
[Site "Germany"]
[Date "2024.03.16"]
[Round "12.1"]
[White "Mamedyarov, Shakhriyar"]
[Black "Nisipeanu, Liviu-Dieter"]
[Result "1-0"]
[ECO "E39"]
[WhiteElo "2734"]
[BlackElo "2600"]
[Annotator "TA"]
[PlyCount "81"]
[EventDate "2023.10.20"]
[EventType "team-tourn"]
[EventCountry "GER"]
[SourceTitle "playchess.com"]
[Source "ChessBase"]
[SourceQuality "1"]
[TimeControl "40/6000+30:3000+30"]

1. d4 Nf6 2. c4 e6 3. Nc3 Bb4 4. Qc2 c5 5. dxc5 O-O 6. a3 Bxc5 7. Nf3 d5 {[%emt 0:03:25] is cutting edge theory.} 8. Bg5 Be7 {[%emt 0:07:12] E39: Nimzo-Indian: Classical: 4...c5 5 dxc5 0-0.} 9. e3 Nbd7 10. Rd1 dxc4 $146 ({Predecessor:} 10... Qa5 11. cxd5 exd5 12. Bd3 h6 13. Bh4 Nc5 14. Bh7+ Kh8 15. O-O g5 16. Nxg5 hxg5 17. Bxg5 {1-0 Neubert,M (2091)-Trost,H (1954) Unterfranken-ch M1 45th 1994 (1)}) 11. Bxc4 h6 12. Bh4 Nh5 13. Bxe7 Qxe7 14. g4 Nhf6 15. Rg1 b5 16. Bxb5 Bb7 17. Be2 g5 18. h4 Bxf3 $1 19. Bxf3 Rab8 20. hxg5 hxg5 21. Be2 Qc5 22. Rd4 (22. Rh1 {feels hotter.} Rfc8 23. Rh3 Kg7 24. Rd4) 22... Ne5 23. Qd2 Rfc8 24. Kf1 Kg7 25. f4 gxf4 26. g5 (26. exf4 $2 Rxb2 27. Qxb2 Qxd4 28. fxe5 Nd5 $17 (28... Qxc3 $2 29. Qxc3 Rxc3 30. exf6+ $18)) 26... Nfg4 27. Bxg4 (27. Rxg4 fxe3 28. Qxe3 Nxg4 29. Bxg4 Rd8 (29... Rxb2 30. Qf4 $14)) (27. exf4 $2 Rxb2 28. Ne4 Qxa3 (28... Rxd2 $2 29. Nxc5 Rxd4 30. fxe5 $19) 29. Rxg4 Rxd2 (29... Nxg4 $2 30. Bxg4 Rxd2 31. Rxd2 $19) 30. Rxd2 Nxg4 31. Bxg4 Rc4 $19 (31... Qe3 $2 32. Re2 $19)) 27... fxe3 (27... Nc4 $11 28. Rxc4 Qxc4+ 29. Be2 fxe3 30. Qxe3 Qc5) 28. Qxe3 $16 Rxb2 29. Be2 (29. g6 $1 $16 {[%cal Rg6f7] White wants to mate with gxf7.} fxg6 (29... Qxc3 30. Qxe5+ Kf8 31. Qh8+ Ke7 32. Qh4+ Ke8 33. gxf7+ Kf8 34. Qh6+ Ke7 35. Qxe6+ Kf8 36. Qh6+ Kxf7 37. Bh5+ Ke7 38. Qd6#) 30. Rh1 (30. Bxe6 $2 Rf8+ 31. Ke1 Nf3+ 32. Kd1 Qxd4+ $19)) 29... Rb3 $1 $11 (29... Qxc3 $2 30. Qxe5+ Kg8 31. Rd8+ Rxd8 32. Qxc3 $18) 30. g6 fxg6 {[%emt 0:02:31] [#]} (30... Rxc3 31. gxf7+) (30... f5 $1 $11 31. Rh1 Rxc3 32. Qh6+ Kf6 33. Qh4+ (33. g7+ Ng6 $11) 33... Kg7 (33... Kxg6 34. Qh7+ Kf6 35. Rh6+) 34. Qh6+ Kf6 35. Qh4+ (35. g7+ Ng6 $11) 35... Kg7 (35... Kxg6 36. Qh7+ Kf6 37. Rh6+) 36. Qh7+ (36. Qh6+ Kf6 $11) 36... Kf6 37. Qh4+) 31. Rh1 (31. Rg5 $1 $14 Rf8+ (31... Rd8 $2 32. Rd7+ Nxd7 33. Rxc5 $18) 32. Ke1) 31... Nf7 (31... Rxc3 $5 32. Qh6+ Kf7 33. Qh7+ Ke8 $11) 32. Qf2 Rc7 ({Stronger than} 32... Rxc3 33. Rh7+ Kxh7 34. Qxf7+ Kh8 35. Rh4+) 33. Ne4 Qf5 $1 34. Kg2 Rc2 35. Ra4 a5 36. Rf1 Rbb2 {[%emt 0:01:32] [#]} 37. Ng3 $1 Rxe2 $4 (37... Qxf2+ $16 {is tougher.} 38. Rxf2 Nd6) 38. Nxe2 $18 (38. Nxf5+ exf5 39. Rxa5 Nh6 $16) 38... Qg5+ 39. Kh3 Qh5+ 40. Rh4 Ng5+ 41. Kg3 1-0

[Event "German Bundesliga 2023-24"]
[Site "Germany"]
[Date "2024.03.16"]
[Round "12.1"]
[White "Ragger, Markus"]
[Black "Santos Latasa, Jaime"]
[Result "1/2-1/2"]
[ECO "E11"]
[WhiteElo "2615"]
[BlackElo "2615"]
[Annotator "TA"]
[PlyCount "30"]
[EventDate "2023.10.20"]
[EventType "team-tourn"]
[EventCountry "GER"]
[SourceTitle "playchess.com"]
[Source "ChessBase"]
[SourceQuality "1"]
[TimeControl "40/6000+30:3000+30"]

1. d4 Nf6 2. c4 e6 3. Nf3 d5 4. g3 Bb4+ 5. Bd2 Be7 6. Bg2 O-O 7. O-O Nbd7 8. Qc2 c6 9. Bf4 h6 10. Rd1 a5 11. Ne5 Nh5 12. Be3 Nhf6 13. Bf4 {[%emt 0:00:09] Die Stellung ist ausgeglichen.} Nh5 14. Be3 Nhf6 15. Bf4 Nh5 {[%emt 0:01:05] Ein ziemlich ruhiges Remis.   Gewichteter Fehlerwert: Weiß=0.06 (makellos) /Schwarz=0.00 (makellos) .  OK:         	Weiß=3     	Schwarz=4     Bester:       	---       	Schwarz=1} 1/2-1/2

[Event "German Bundesliga 2023-24"]
[Site "Germany"]
[Date "2024.03.16"]
[Round "12.1"]
[White "Pavlidis, Antonios"]
[Black "Svane, Rasmus"]
[Result "1/2-1/2"]
[ECO "C65"]
[WhiteElo "2566"]
[BlackElo "2646"]
[Annotator "TA"]
[PlyCount "61"]
[EventDate "2023.10.20"]
[EventType "team-tourn"]
[EventCountry "GER"]
[SourceTitle "playchess.com"]
[Source "ChessBase"]
[SourceQuality "1"]
[TimeControl "40/6000+30:3000+30"]

1. e4 e5 2. Nf3 Nc6 3. Bb5 Nf6 4. d3 Bc5 5. Nbd2 Nd4 6. Nxd4 Bxd4 7. c3 Bb6 {[%emt 0:00:28] [#]} 8. d4 $1 c6 (8... exd4 9. e5) 9. dxe5 cxb5 10. exf6 Qxf6 11. O-O O-O 12. Nf3 d6 13. Re1 Bg4 14. Be3 b4 15. Bxb6 axb6 16. cxb4 {[%emt 0:00:10] With the idea Qd4.} Qxb2 {[%emt 0:07:26] The position is equal.} 17. Qd4 Rxa2 18. Rxa2 Qxa2 19. Nh4 Qe6 20. h3 Qe7 21. hxg4 Qxh4 22. Qxb6 $11 {[%emt 0:10:35][%mdl 4096] Endgame. KQR-KQR} Qe7 {[%emt 0:07:28] [#]} 23. g5 $1 d5 (23... g6 24. g3) 24. Qc5 (24. exd5 $2 {loses.} Qxe1+ 25. Kh2 Qe5+ 26. Kh3 Qxd5 $19 (26... Qxg5 $2 27. Qxb7 Rd8 28. f3 $19)) 24... Qxc5 25. bxc5 dxe4 26. Rxe4 {[%emt 0:04:53] KR-KR} Rc8 27. Re7 Kf8 28. Rxb7 Rxc5 29. f4 g6 30. Kf2 Kg7 31. g3 {[%emt 0:00:22] A balanced but interesting game.   Weighted Error Value: White=0.03 (flawless) /Black=0.02 (flawless) .  OK:         	White=10    	Black=19} 1/2-1/2